 Dungeon Crawl Stone Soup version 0.22.1-1-ga44c0e5 (webtiles) character file.

86 Fang the Skirmisher (level 4, -3/43 HPs)
             Began as a Gargoyle Berserker on Oct 5, 2018.
             Was a Believer of Trog.
             Slain by an orc
             ... wielding a +0 trident
              (6 damage)
             ... on level 2 of the Dungeon.
             The game lasted 00:01:41 (1043 turns).

Fang the Skirmisher (Gargoyle Berserker)            Turns: 1043, Time: 00:01:42

Health: -3/43      AC:  5    Str: 26    XL:     4   Next: 50%
Magic:  4/4        EV: 12    Int:  8    God:    Trog [**....]
Gold:   85         SH:  0    Dex:  9    Spells: 3/3 levels left

rFire    . . .     SeeInvis .   a - +0 hand axe
rCold    . . .     Gourm    .   (no shield)
rNeg     + . .     Faith    .   b - +0 animal skin
rPois    ∞         Spirit   .   (no helmet)
rElec    +         Reflect  .   (no cloak)
rCorr    .         Harm     .   (no gloves)
MR       .....                  (no boots)
Stlth    ..........             (no amulet)
HPRegen  0.14/turn              (no ring)
MPRegen  0.09/turn              (no ring)

@: berserking, very quick
A: negative energy resistance 1, electricity resistance, unbreathing,
petrification resistance, rot immunity, AC +3
a: Berserk, Trog's Hand, Renounce Religion


You were on level 2 of the Dungeon.
You worshipped Trog.
Trog was pleased with you.
You were very hungry.

You visited 1 branch of the dungeon, and saw 2 of its levels.

You collected 85 gold pieces.

Inventory:

Hand Weapons
 a - a +0 hand axe (weapon)
Armour
 b - a +0 animal skin (worn)
Jewellery
 h - an uncursed amulet of rage {unknown}
Scrolls
 d - a scroll of magic mapping {unknown}
 e - 3 scrolls of identify {unknown}
 f - a scroll of amnesia {unknown}
 g - a scroll of fear {unknown}
 l - a scroll of enchant weapon {unknown}
Potions
 i - a potion of might {unknown}
 j - a potion of invisibility {unknown}
 k - a potion of flight {unknown}
Comestibles
 c - 3 rations


   Skills:
 + Level 4.3 Fighting
 + Level 3.8 Axes
 + Level 2.2 Armour
 + Level 1.9 Dodging


You had 3 spell levels left.
You didn't know any spells.
Your spell library was empty.

Dungeon Overview and Level Annotations

Branches:
Dungeon (2/15)

Altars:
Gozag


Innate Abilities, Weirdness & Mutations

You are resistant to torment.
Your stone body is resilient. (AC +3)
You are immune to poison.
You resist negative energy. (rN+)
You are resistant to electric shocks. (rElec)
You can survive without breathing.
You are immune to petrification.
You are immune to rotting.


Message History

You slash the orc!
You kill the orc!
Trog accepts your kill.
You barely miss something. The orc hits you but does no damage.
The orc hits you from afar with a trident.
* * * LOW HITPOINT WARNING * * *
Something hits you.
* * * LOW HITPOINT WARNING * * *
You slash the orc priest!
The orc priest is heavily wounded.
You barely miss something. The orc misses you.
The orc hits you but does no damage.
You hear some strange, mumbled words.
Something tries to affect you, but you resist.
The orc priest begins to cast a cantrip, but forgets the words!
You closely miss the orc priest.
The orc priest is heavily wounded.
You miss something. The orc closely misses you.
The orc hits you from afar with a trident.
You die...

#. #.# # ... .
#####...## #.
#.@o...... ##.
#.#.o..... #..
#.#o#...#. #.#
#.#..
....#..####.#
#.#...
...#.....#.#
######.#....
..#..##.#.# ###
###......#.#...
.#..##.#.# #..
....####.#......
#........
#.#####......##..o
#.###.###


You could see an orc priest and 2 orcs.

Vanquished Creatures
  An orc wizard (D:2)
  2 adders (D:2)
  A worm (D:2)
  A leopard gecko (D:1)
  An orc (D:2)
  2 giant cockroaches (D:2)
  6 goblins
  4 hobgoblins
  3 jackals (D:2)
  A ball python (D:1)
  4 bats
  2 frilled lizards (D:1)
  A kobold (D:2)
  5 rats
34 creatures vanquished.

Notes
Turn   | Place    | Note
-------+----------+-------------------------------------------
     0 | D:1      | Fang the Gargoyle Berserker began the quest for the Orb.
     0 | D:1      | Reached XP level 1. HP: 14/14 MP: 1/1
   162 | D:1      | Reached XP level 2. HP: 17/19 MP: 2/2
   438 | D:2      | Reached skill level 4 in Fighting
   438 | D:2      | Reached XP level 3. HP: 12/24 MP: 3/3
   499 | D:2      | Reached ** piety under Trog
   961 | D:2      | Found an opulent altar of Gozag.
  1039 | D:2      | Reached XP level 4. HP: 17/29 MP: 4/4
  1043 | D:2      | Slain by an orc

Skill      XL: |  1  2 |
---------------+-------+-----
Axes           | 3 |  3.8
Fighting       | 4 |  4.3
Armour         | |  2.2
Dodging        | |  1.9

Action                   |  1- 3 |  4- 6 || total
-------------------------+-------+-------++-------
Melee: Hand axe          |   112 |     4 ||   116
Invok: Berserk           |     2 |       ||     2
  Eat: Chunk             |     1 |       ||     1
Armor: Animal skin       |    44 |     1 ||    45
Dodge: Dodged            |   103 |     4 ||   107
